 Dungeon Crawl Stone Soup version 0.24.0-13-gcf9b319 (webtiles) character file.

Game seed: 12341119846087108154, levelgen mode: deterministic

67 Golfball the Chopper (level 4, 35/41 HPs)
             Began as a Hill Orc Monk on May 11, 2020.
             Quit the game on level 2 of the Dungeon.
             The game lasted 00:05:03 (1491 turns).

Golfball the Chopper (Hill Orc Monk)                Turns: 1491, Time: 00:05:03

Health: 35/41      AC:  6    Str: 14    XL:     4   Next: 16%
Magic:  4/4        EV: 11    Int: 10    God:
Gold:   58         SH:  0    Dex: 13    Spells: 3/3 levels left

rFire    . . .     SeeInvis .   p - -2 hunting sling (curse)
rCold    . . .     Gourm    .   (no shield)
rNeg     . . .     Faith    .   i - +0 ring mail
rPois    .         Spirit   .   (no helmet)
rElec    .         Reflect  .   f - scarf {repulsion}
rCorr    .         Harm     .   e - +0 pair of gloves (curse)
MR       .....                  (no boots)
Stlth    +.........             h - amulet of magic regeneration
HPRegen  0.13/turn              (no ring)
MPRegen  0.34/turn              (no ring)

@: repel missiles
A: no striking features
a: no special abilities


You were on level 2 of the Dungeon.
You were not hungry.

You visited 1 branch of the dungeon, and saw 2 of its levels.

You collected 58 gold pieces.

Inventory:

Hand Weapons
 a - a +0 hand axe
 l - a +0 whip
 p - a cursed -2 hunting sling (weapon)
Missiles
 g - 2 stones (quivered)
 j - 6 javelins
Armour
 b - a +0 robe
 e - a cursed +0 pair of gloves (worn)
 f - a scarf of repulsion (worn)
 i - a +0 ring mail (worn)
 m - a +1 cloak
Jewellery
 d - an uncursed ring of see invisible {unknown}
 h - an amulet of magic regeneration (around neck)
Potions
 k - a potion of heal wounds {unknown}
 n - a potion of invisibility {unknown}
 o - a potion of degeneration {unknown}
Comestibles
 c - a ration


   Skills:
 + Level 4.9 Fighting
 - Level 5.0 Axes
 + Level 1.0 Slings
 - Level 2.4 Dodging
 - Level 1.5 Stealth


You had 3 spell levels left.
You didn't know any spells.
Your spell library was empty.

Dungeon Overview and Level Annotations

Branches:
Dungeon (2/15)

Altars:


Message History

Firing (i - inventory. (/) - cycle)
g - 6 stones (quivered)
Press: ? - help, Shift-Dir - straight line, f/p - adder
Aim: an adder You shoot a stone.
The stone misses the adder.
The adder bites you.
Firing (i - inventory. (/) - cycle)
g - 5 stones (quivered)
Press: ? - help, Shift-Dir - straight line, f/p - adder
Aim: an adder You shoot a stone.
The stone hits the adder but does no damage.
The adder bites you but does no damage.
Firing (i - inventory. (/) - cycle)
g - 4 stones (quivered)
Press: ? - help, Shift-Dir - straight line, f/p - adder
Aim: an adder You shoot a stone.
The stone misses the adder.
The adder closely misses you. The adder barely misses you.
Firing (i - inventory. (/) - cycle)
g - 3 stones (quivered)
Press: ? - help, Shift-Dir - straight line, f/p - adder
Aim: an adder You shoot a stone.
The stone misses the adder.
The adder closely misses you.
Are you sure you want to abandon this character and quit the game? (Confirm with "yes".)

#.#.# #.#.# #.#.#
# #.#.# .# #.#.#
#########. #.#.#
...(.(... #.#
......S.# #.# #@#
#.# #.# #######.#
#.# .........
#.##############.#
#................#
##################


You could see an adder.

Vanquished Creatures
  2 adders (D:2)
  An ooze (D:1)
  A worm (D:2)
  2 dart slugs (D:1)
  A leopard gecko (D:1)
  3 ball pythons (D:1)
  4 bats
  3 goblins (D:1)
  8 hobgoblins (D:1)
  3 jackals (D:1)
  2 kobolds (D:1)
  2 frilled lizards
  2 rats (D:1)
34 creatures vanquished.

Notes
Turn   | Place    | Note
-------+----------+-------------------------------------------
     0 | D:1      | Golfball the Hill Orc Monk began the quest for the Orb.
     0 | D:1      | Reached XP level 1. HP: 19/19 MP: 1/1
   129 | D:1      | Reached XP level 2. HP: 25/27 MP: 2/2
   527 | D:1      | Reached XP level 3. HP: 25/34 MP: 3/3
   677 | D:1      | Reached skill level 5 in Axes
  1058 | D:2      | Reached XP level 4. HP: 11/41 MP: 4/4
  1109 | D:2      | Reached skill level 1 in Slings
  1491 | D:2      | Quit the game

Levels and vault maps discovered:
D:1:      elethiomel_arrival_maze, layout_loops_ring, st_stairs_5,
          minmay_misc_feat_columns
D:2:      layout_basic

Skill      XL: |  1  2  3  4 |
---------------+-------------+-----
Fighting       | 4 |  4.9
Axes           | 5 |  5.0
Slings         | 1 |  1.0
Dodging        | |  2.4
Stealth        | |  1.5

Action                   |  1- 3 |  4- 6 || total
-------------------------+-------+-------++-------
Melee: Hand axe          |    73 |       ||    73
 Fire: Hunting sling     |    56 |    20 ||    76
Throw: Javelin           |     7 |       ||     7
  Use: Scroll            |     4 |     1 ||     5
 Stab: Sleeping          |     1 |       ||     1
  Eat: Ration            |       |     1 ||     1
       Chunk             |       |     1 ||     1
Armor: Robe              |    28 |     1 ||    29
       Ring mail         |       |     2 ||     2
Dodge: Dodged            |    84 |    10 ||    94
       Deflected         |     1 |       ||     1
